[Event "ETCC Open 2023"]
[Site "Budva"]
[Date "2023.11.12"]
[Round "2.76"]
[White "Roos, Adrian"]
[Black "Levy, David N L"]
[Result "1-0"]
[ECO "A43"]
[WhiteElo "2240"]
[BlackElo "2221"]
[Annotator "ChessBase"]
[PlyCount "35"]
[EventDate "2023.11.10"]
[EventType "team-tourn"]
[EventCountry "MNE"]
[SourceTitle "playchess.com"]
[Source "ChessBase"]
[SourceQuality "1"]
[WhiteTeam "Belgium"]
[BlackTeam "Scotland"]
[WhiteTeamCountry "BEL"]
[BlackTeamCountry "SCO"]
[TimeControl "40/5400+30:1800+30"]

1. d4 Nf6 2. Nf3 c5 3. d5 b5 4. Bg5 Qb6 5. a4 Bb7 6. Nbd2 Bxd5 7. axb5 Ne4 8. Nxe4 Bxe4 9. Nd2 Bb7 10. e4 Qg6 11. h4 Bxe4 12. Nxe4 Qxe4+ 13. Be2 d5 14. O-O h6 15. Bf3 Qb4 16. Qxd5 hxg5 17. Qxa8 Qxh4 18. Bc6+ 1-0

[Event "ETCC Open 2023"]
[Site "Budva"]
[Date "2023.11.13"]
[Round "3.1"]
[White "Predke, Alexandr"]
[Black "Keymer, Vincent"]
[Result "1-0"]
[ECO "C84"]
[WhiteElo "2661"]
[BlackElo "2721"]
[Annotator "TA"]
[PlyCount "195"]
[EventDate "2023.11.10"]
[EventType "team-tourn"]
[EventCountry "MNE"]
[SourceTitle "playchess.com"]
[Source "ChessBase"]
[SourceQuality "1"]
[WhiteTeam "Serbia"]
[BlackTeam "Germany"]
[WhiteTeamCountry "SRB"]
[BlackTeamCountry "GER"]
[TimeControl "40/5400+30:1800+30"]

1. e4 e5 2. Nf3 Nc6 3. Bb5 a6 4. Ba4 Nf6 5. O-O Be7 6. d3 b5 7. Bb3 d6 8. a4 Bd7 9. c3 O-O 10. Ba2 b4 11. h3 Be6 12. Bxe6 fxe6 13. Be3 d5 14. Nbd2 h6 15. Qc2 Rb8 16. d4 bxc3 17. bxc3 exd4 18. Bxd4 Nh5 19. Rae1 Nf4 20. Be3 Qd7 21. Bxf4 Rxf4 22. Qd3 a5 23. Rb1 Rd8 24. Qe3 Rff8 25. exd5 exd5 26. Rb5 Bd6 27. Nb3 Kh8 28. Rd1 ({White should play} 28. Qd3 $14) 28... Qf7 (28... Rde8 $5 29. Qd3 Ne5 30. Nxe5 (30. Qxd5 $2 Rxf3 31. Nc5 Qf5 $19) 30... Rxe5 $11) 29. Nxa5 Rde8 30. Qd2 $1 Ne5 31. Nxe5 (31. Qxd5 $2 {perishes.} Qf4 $19) 31... Rxe5 32. Nb7 $1 (32. Rxd5 Rxd5 33. f3 Rxd2 34. Rxd2 Bg3 35. Rd1 Re8 36. Rf1 Qa2) 32... Be7 33. Nc5 ({Much worse is} 33. Rxd5 Bg5 34. Rxe5 Bxd2 35. Rxd2 Rb8 36. Rd8+ Rxd8 37. Nxd8 Qb3 $17) 33... Bg5 34. Qb2 Qh5 (34... Qe8 $1 $11 {remains equal.} 35. Nd3 Re2) 35. Rf1 Re2 36. Qb1 Qe8 37. Nd3 $1 c6 38. Rb2 (38. Rb6 $5 ) 38... Rxb2 $1 39. Qxb2 Qe4 40. Qb4 Ra8 41. Qb7 Qxa4 {[%emt 0:08:26] [#]} (41... Rf8 $14 42. Nc5 Qe8) 42. Nc5 $1 $16 Qa2 43. Qxc6 Rg8 44. Nd7 Qd2 45. Qe6 Qxc3 46. Qxd5 Re8 47. g3 Qd2 48. Qc6 Qe2 49. Nc5 (49. Kg2 {is more complex.} Be3 50. h4 Bd4 51. Qd5) 49... Bf6 50. Nd3 (50. h4 {looks sharper.} Re7 51. Nd7 Bd4 52. Kg2) 50... Qe4 51. Qxe4 Rxe4 52. Rb1 Rd4 53. Rb3 Kh7 54. Kg2 Rd7 55. h4 g6 56. Kf3 Kg7 57. Nc5 Re7 58. Rb6 Kf7 59. Ne4 Bd4 60. Rb5 Kg7 61. h5 gxh5 62. Rxh5 Re5 63. Rh1 Rf5+ 64. Kg4 Re5 65. f3 Kg6 66. Rd1 Bc5 67. Rc1 (67. Nxc5 $16 Rg5+ 68. Kf4 Rxc5 69. Rd6+ Kg7 70. g4) 67... Be7 68. Rc6+ Kg7 69. Kf4 Ra5 70. Rc7 Kf8 (70... Kf7 $1 $14) 71. g4 $16 Ra3 72. Rc6 Kg7 73. Rc7 Kf8 74. Rb7 Ra5 75. Rd7 Ra3 76. Rd5 Kf7 77. Kg3 Rb3 78. Ra5 Rd3 79. Kg2 Ra3 80. Rh5 Kg6 81. Re5 Kf7 82. Rd5 Ra2+ 83. Kg3 Ra3 84. Rb5 Kg7 85. Rb7 Kf8 86. Rb6 Kg7 87. Nd2 Ra5 88. Nc4 Rc5 89. Ne3 Bd8 90. Rb7+ Kg6 (90... Bc7+ $142 91. Kf2 Kg6) 91. f4 ({White should try} 91. Rd7 $16 Bg5 92. f4) 91... h5 $14 92. Rd7 (92. g5 $5) 92... Bf6 $2 (92... Rc3 $1 $14) 93. Nd5 $18 Rc6 $2 (93... Bb2 {is a better chance.} 94. Rd6+ {[%mdl 64] Deflection} Kg7) 94. Nxf6 $18 Rxf6 95. g5 Rf8 96. Rd6+ Kf5 97. Kh4 Rf7 98. Kxh5 1-0

[Event "ETCC Open 2023"]
[Site "Budva"]
[Date "2023.11.13"]
[Round "3.2"]
[White "Svane, Rasmus"]
[Black "Sarana, Alexey"]
[Result "1/2-1/2"]
[ECO "E11"]
[WhiteElo "2647"]
[BlackElo "2669"]
[Annotator "TA"]
[PlyCount "83"]
[EventDate "2023.11.10"]
[EventType "team-tourn"]
[EventCountry "MNE"]
[SourceTitle "playchess.com"]
[Source "ChessBase"]
[SourceQuality "1"]
[WhiteTeam "Germany"]
[BlackTeam "Serbia"]
[WhiteTeamCountry "GER"]
[BlackTeamCountry "SRB"]
[TimeControl "40/5400+30:1800+30"]

1. d4 Nf6 2. c4 e6 3. Nf3 d5 4. g3 Bb4+ 5. Bd2 Be7 6. Bg2 O-O 7. O-O Nbd7 8. Qc2 c6 9. Rc1 {[%emt 0:00:16] E11: Bogo-Indian.} a5 10. e3 $1 {[%emt 0:00:29][%mdl 4] is more profitable than 10.Bf4 at the moment.} Bd6 11. Be1 {[%emt 0:02:20] [#] White has an edge.} Qe7 $146 ({Predecessor:} 11... e5 12. cxd5 Nxd5 13. Nc3 Nxc3 14. Bxc3 Qe7 15. e4 Re8 16. Re1 Bb4 17. Rad1 Bxc3 18. Qxc3 exd4 19. Nxd4 {½-½ Esipenko,A (2680)-Brkic,A (2596) EU-ch 23rd Vrnjacka Banja 2023 (7)}) 12. Nc3 dxc4 13. Nd2 Nb6 14. Nce4 Nxe4 15. Bxe4 f5 16. Bg2 (16. Nxc4 $2 {perishes.} Nxc4 17. Bg2 Nb6 $19) 16... e5 17. dxe5 Bxe5 18. Bf1 Be6 19. Nxc4 Nxc4 20. Bxc4 Bxc4 21. Qxc4+ Qf7 22. Rab1 a4 23. b4 a3 24. Qxf7+ Rxf7 (24... Kxf7 $11 {is superior.} 25. b5 Rfc8) 25. Bc3 Bd6 26. Bd4 Rc7 27. Bb6 Rcc8 28. Rd1 Bc7 29. Bd4 g6 30. b5 Bd6 31. bxc6 bxc6 32. Bf6 Bf8 33. Rb7 Rab8 34. Ra7 {[%emt 0:00:19] White is much more active.} Ra8 35. Rb7 Rab8 36. Ra7 Ra8 $1 37. Rad7 Ra5 38. h3 Rd5 $1 {[%emt 0:00:20] The position is equal.} 39. R1xd5 cxd5 40. Rxd5 Rc2 {[%emt 0:00:07] Against Rd2} 41. Rd7 Rxa2 42. Bd4 {[%emt 0:05:00] Weighted Error Value: White=0.10 (very precise) /Black=0.07 (flawless)} 1/2-1/2

[Event "ETCC Open 2023"]
[Site "Budva"]
[Date "2023.11.13"]
[Round "3.3"]
[White "Indjic, Aleksandar"]
[Black "Bluebaum, Matthias"]
[Result "0-1"]
[ECO "B12"]
[WhiteElo "2601"]
[BlackElo "2670"]
[Annotator "TA"]
[PlyCount "108"]
[EventDate "2023.11.10"]
[EventType "team-tourn"]
[EventCountry "MNE"]
[SourceTitle "playchess.com"]
[Source "ChessBase"]
[SourceQuality "1"]
[WhiteTeam "Serbia"]
[BlackTeam "Germany"]
[WhiteTeamCountry "SRB"]
[BlackTeamCountry "GER"]
[TimeControl "40/5400+30:1800+30"]

1. e4 c6 2. d4 d5 3. e5 c5 4. Nf3 cxd4 5. Qxd4 Nc6 6. Qf4 {[%emt 0:00:16] B12: Caro-Kann: Advance Variation.} g6 {[%emt 0:02:34] ...Bh6 would be deadly.} 7. Nc3 ({Much weaker is} 7. Ng5 f6 8. exf6 Nxf6 $17) 7... d4 {[%emt 0:01:04] [#] Dodges Be3. And now ...Bh6 would win.} 8. Bc4 $1 {[%emt 0:08:17] White is slightly better.} Bf5 {[%emt 0:01:07] aiming for ...Bh6.} 9. Nb5 Bh6 10. Qh4 Bxc1 11. Rxc1 {[%emt 0:00:07] [#]} a6 $146 ({Predecessor:} 11... Rc8 12. O-O a6 13. Na3 b5 14. Bb3 e6 15. Qg3 Nge7 16. Rfd1 Be4 17. Nxd4 Nxd4 {0-1 Pino Munoz,F (1963)-Fister,B (2303) Champion's League 10/C6 email 2010 [2]}) 12. Nbxd4 Nxe5 {[%emt 0:12:12][%mdl 64] [#] Decoy} 13. O-O $1 Nxc4 (13... e6 14. Qf4) 14. Nxf5 Qc7 15. Qd4 (15. b3 {simplifies} Nb6 16. Ne3 h5 17. Rfe1) 15... f6 16. Ne3 Nxe3 17. Qxe3 e5 18. Rcd1 Ne7 $1 19. Qb3 Nc6 20. Rd3 Ke7 21. Qa3+ Kf7 22. Qb3+ Ke7 (22... Kg7 {simplifies} 23. Rfd1 Rhd8 24. c3 Qf7) 23. Nd2 {[%emt 0:12:44] Strongly threatening Ne4.} Rad8 24. Rxd8 Rxd8 25. Ne4 Nd4 26. Qh3 h5 27. c3 $2 (27. Qa3+ $17 Kf7 28. c3) 27... Ne2+ $19 28. Kh1 Qc4 $1 {[%emt 0:03:03][%csl LRa2,LRe4] White must now prevent ...Nf4.} 29. Qe3 {[%emt 0:04:44] [#]} Nxc3 $1 {[%emt 0:03:57][%cal Rc4f1][%mdl 576] Discovered Attack} 30. Ng3 {[%emt 0:01:15] White is weak on the light squares} (30. Qc5+ Qxc5) 30... Rd1 $2 $40 {[%emt 0:03:56][%mdl 128] Black is up to no good.} (30... Nxa2 $2 {loses.} 31. f4 Rd3 32. Qe1 $17) (30... Nd5 $19 31. Qc1 Qxc1 32. Rxc1 Nf4) 31. Rxd1 $11 Nxd1 {[%emt 0:00:02][%mdl 4096] Endgame KQN-KQN} 32. Qf3 Qc1 (32... h4 {simplifies} 33. Qxd1 hxg3 34. hxg3 Qxa2 35. Qc2 Qf7) 33. Qxb7+ (33. Nf1 $1 $11) 33... Kf8 $17 34. h3 (34. Qxa6 $2 Nxf2#) (34. Qb4+ $17 {is a better defense.} Kf7 35. Qb7+ Kg8 36. Qb8+ (36. Qxa6 $2 Nxf2#) 36... Kg7 37. Qa7+ Kh6 38. Nf1) 34... Nxf2+ $19 {[%emt 0:02:42][%mdl 64] Discovered Attack (Double check)} 35. Kh2 {[%emt 0:00:01] Qa8+ is the strong threat.} Qf4 {[%emt 0:08:08] Hoping for ...h4. Active counter play!} 36. Qh7 $2 (36. Qc8+ Kg7 37. Kg1) 36... h4 {[%emt 0:00:00][%mdl 64] Pin} 37. Qh8+ Kf7 38. Qh7+ Kf8 39. Qh8+ {[%emt 0:00:08] [#]} Ke7 $1 40. Qg7+ Kd6 41. Qf8+ Kd5 42. Qd8+ Kc4 43. Qc7+ Kd4 ({Avoid the trap} 43... Kb5 $2 44. Qb8+ Kc5 45. Qf8+ Kc4 46. Qc8+ Kd4 47. Qc3+ Kd5 48. Qa5+ Kc6 49. Qxa6+ Kd7 50. Qb7+ Kd6 51. Qa6+ Ke7 52. Qa3+ Kd7 53. Qa7+ Ke8 54. Qb8+ Kf7 55. Qc7+ Kf8 56. Qb8+ Kg7 57. Qb7+ Kh6 58. Qf3 hxg3+ 59. Qxg3 $19) 44. Qb6+ {[%emt 0:06:30] [#]} (44. Qc3+ $142 Kd5 45. Qa5+ Ke6 46. Qxa6+ Kf7 47. Qa7+ Kg8 48. Qa8+ Kg7 49. Qb7+ Kh6 50. Qf3 hxg3+ 51. Qxg3) 44... Kd3 $1 45. Qxa6+ Kc2 46. Qe2+ Kb1 47. Qe1+ $2 (47. Qf1+ $19 Kxa2 48. Qa6+ Kxb2 49. Qe2+ Ka3 50. Qa6+ Kb3 51. Qb5+ Kc2 52. Qe2+ Kc1 53. Qf1+ Kd2 54. Qe2+ Kc3 55. Qe1+ Kc4 56. Qe2+ Kd5 57. Qa2+ Kd6 58. Qa3+ Kd7 59. Qa7+ Ke6 60. Qb6+ Ke7 61. Qb7+ Kf8 62. Qf3 hxg3+ 63. Qxg3 Qxg3+ 64. Kxg3 Nxh3 65. Kxh3 Ke7 66. Kh4 Ke6 67. Kg4 f5+ 68. Kg3 g5 69. Kf3 e4+ 70. Kf2 Kd5 71. Ke3 f4+ 72. Ke2 Kd4 73. Ke1 e3 74. Kf1 Kd3 75. g3 f3 76. g4 Kd2 77. Kg1 Ke2 78. Kh1 Kf2 79. Kh2 e2 80. Kh3 e1=Q 81. Kh2 Qg1+ 82. Kh3 Qh1#) 47... Kxa2 {[%emt 0:00:00] Black mates.} 48. Qa5+ Kb1 49. Qe1+ Kxb2 50. Qe2+ Kc3 51. Qe1+ Kc4 52. Qe2+ Kd5 53. Qb5+ Kd6 54. Qb6+ Ke7 {[%emt 0:00:00] Weighted Error Value: White=0.58/Black=0.17 (very precise)} 0-1

[Event "ETCC Open 2023"]
[Site "Budva"]
[Date "2023.11.13"]
[Round "3.4"]
[White "Donchenko, Alexander"]
[Black "Ivic, Velimir"]
[Result "1-0"]
[ECO "A50"]
[WhiteElo "2664"]
[BlackElo "2557"]
[Annotator "TA"]
[PlyCount "65"]
[EventDate "2023.11.10"]
[EventType "team-tourn"]
[EventCountry "MNE"]
[SourceTitle "playchess.com"]
[Source "ChessBase"]
[SourceQuality "1"]
[WhiteTeam "Germany"]
[BlackTeam "Serbia"]
[WhiteTeamCountry "GER"]
[BlackTeamCountry "SRB"]
[TimeControl "40/5400+30:1800+30"]

1. d4 Nf6 2. c4 c6 3. Bf4 Qb6 4. Qd2 Ne4 5. Qc2 d6 6. Nf3 {[%emt 0:01:21] [#] A50: Queen's Fianchetto Defence (1 d4 Nf6 2 c4 b6).} (6. Qxe4 $2 Qxb2 7. Nf3 g6 $19) 6... g6 $146 ({Predecessor:} 6... Bf5 7. Qb3 Na6 8. g3 e5 9. Be3 Nb4 10. Na3 Qa5 11. O-O-O exd4 12. Bxd4 Be7 {0-1 Dreev,A (2606)-Lenderman,A (2572) Airthings Masters Div 3 W rapid 2023 (2.3)}) 7. Nbd2 (7. Qxe4 $2 Qxb2 8. Qd3 Qxa1 $19) 7... Nxd2 8. Bxd2 {[%emt 0:00:56] The position is equal.} Bg7 9. Bc3 O-O 10. h4 h5 11. e4 Bg4 12. Qd2 Bxf3 13. gxf3 e5 {[%emt 0:04:54][%cal Re5d4] [#]} 14. c5 $1 Qd8 15. Rd1 {[%emt 0:05:51] Black must now prevent dxe5.} exd4 16. Bxd4 Bxd4 17. Qxd4 {[%emt 0:00:06] [#]} d5 18. Be2 (18. exd5 cxd5 19. Qxd5 Qa5+ 20. Qd2 (20. Rd2 $2 Nc6 $19) 20... Re8+ 21. Be2 Qxc5 $17) 18... Na6 19. exd5 cxd5 20. f4 Qe7 21. Kf1 Nxc5 22. f5 {[%emt 0:00:15] Against Ne6. And now Rg1 would win.} Kh7 (22... gxf5 $2 23. Rg1+ (23. Qxd5 Rfe8 $16) (23. Qxd5 Rfe8 $16)) 23. Rg1 $1 {[%emt 0:03:37][%cal Oe2h5][%mdl 1024] Bxh5! would be deadly. White has compensation.} Ne4 (23... gxf5 $2 24. Qg7#) (23... Rad8 $14) 24. f3 $16 (24. Qxd5 $2 {is the wrong capture.} Rad8 25. f6 Qb4 $19) 24... Nc5 25. b4 Rae8 26. Bb5 {[%emt 0:02:02] The board is on fire.} Nd7 27. Qxd5 {[%emt 0:01:53] White is much more active.} a6 28. Bd3 $36 {[%emt 0:04:22][%cal Rf5g6][%mdl 2048] Black is under strong pressure.} Kh8 $2 {[%emt 0:00:44][%mdl 8192] Black cannot hold the game after this.} (28... Kh6 $16) 29. fxg6 $18 ({Not} 29. Qxb7 Qe3 $14) 29... fxg6 30. Rxg6 Qh7 {[%emt 0:00:39] [#] Black is weak on the light squares} 31. Rg8+ $3 {[%emt 0:00:45][%mdl 576] Deflection} Qxg8 (31... Rxg8 32. Bxh7) 32. Qxh5+ Kg7 33. Qg6+ {[%emt 0:00:04] Beautiful play by Donchenko!   Weighted Error Value: White=0.06 (flawless) /Black=0.28 (precise)} 1-0

[Event "ETCC Open 2023"]
[Site "Budva"]
[Date "2023.11.13"]
[Round "3.5"]
[White "Yilmaz, Mustafa"]
[Black "Kadric, Denis"]
[Result "1-0"]
[ECO "E95"]
[WhiteElo "2650"]
[BlackElo "2584"]
[Annotator "TA"]
[PlyCount "67"]
[EventDate "2023.11.10"]
[EventType "team-tourn"]
[EventCountry "MNE"]
[SourceTitle "playchess.com"]
[Source "ChessBase"]
[SourceQuality "1"]
[WhiteTeam "Turkey"]
[BlackTeam "Montenegro"]
[WhiteTeamCountry "TUR"]
[BlackTeamCountry "MNE"]
[TimeControl "40/5400+30:1800+30"]

1. d4 Nf6 2. c4 g6 3. Nc3 Bg7 4. e4 d6 5. Nf3 O-O 6. Be2 e5 7. O-O h6 8. Re1 $1 {[%emt 0:01:58] 8.Re1 scores better than 8.dxe5.} Nbd7 9. Qc2 {[%emt 0:02:31] E95: King's Indian: Classical: 7...Nbd7 8 Re1.} Re8 {[%emt 0:00:43] 9...Nh7 is vanishing.} 10. dxe5 dxe5 11. Be3 {[%emt 0:00:06] White is slightly better.} c6 12. Na4 {[%emt 0:03:46][%cal Bc3a4,Ba4b2,Bb2c4,Bc4d6][%mdl 32] [#]} Qe7 $146 ({Predecessor:} 12... Qc7 13. c5 b5 14. cxb6 axb6 15. h3 Qb8 16. Red1 b5 17. Nc5 Nxc5 18. Bxc5 Be6 {1-0 Praggnanandhaa,R (2648)-Sindarov,J (2629) Olympiad-44 Chennai 2022 (10.3)}) 13. c5 Nf8 14. Rad1 Bg4 15. b4 Bxf3 16. Bxf3 Ne6 17. Nb2 h5 18. Nc4 Ng4 (18... Red8 $142) 19. Bxg4 $16 hxg4 20. Nd6 Rf8 21. Qe2 {[%emt 0:00:31] White is more active.} f5 (21... a5 $16) 22. Bc1 a5 23. b5 Kh7 (23... f4 $142) 24. bxc6 bxc6 25. Bb2 {[%emt 0:00:23] [#] Black must now prevent exf5.} f4 26. Qxg4 {[%emt 0:00:03] Threatens to win with Nc4.} Rab8 (26... Rad8 {was necessary.} 27. Nc4 Rxd1 28. Rxd1 Nxc5) 27. Nc4 $18 Rxb2 28. Nxb2 {[%emt 0:02:09] And now Rd6 would win.} Nd4 29. Nd3 f3 30. Kh1 fxg2+ 31. Qxg2 Qe6 32. Re3 {[%emt 0:03:20] White is clearly winning.} Qxa2 (32... Bh6 $142 33. Rh3 Kg7) 33. Rh3+ {[%emt 0:01:34][%mdl 64] [#] Deflection} Kg8 34. Qxg6 {[%emt 0:00:39] Weighted Error Value: White=0.09 (flawless) /Black=0.31} 1-0

[Event "ETCC Open 2023"]
[Site "Budva"]
[Date "2023.11.13"]
[Round "3.6"]
[White "Djukic, Nikola"]
[Black "Sanal, Vahap"]
[Result "1/2-1/2"]
[ECO "C88"]
[WhiteElo "2518"]
[BlackElo "2608"]
[Annotator "TA"]
[PlyCount "150"]
[EventDate "2023.11.10"]
[EventType "team-tourn"]
[EventCountry "MNE"]
[SourceTitle "playchess.com"]
[Source "ChessBase"]
[SourceQuality "1"]
[WhiteTeam "Montenegro"]
[BlackTeam "Turkey"]
[WhiteTeamCountry "MNE"]
[BlackTeamCountry "TUR"]
[TimeControl "40/5400+30:1800+30"]

1. e4 e5 2. Nf3 Nc6 3. Bb5 a6 4. Ba4 Nf6 5. O-O Be7 6. Re1 b5 7. Bb3 O-O 8. a4 Bb7 9. d3 d6 10. Nbd2 Nd7 11. axb5 axb5 12. Rxa8 Qxa8 13. c3 Nc5 14. Bc2 {[%emt 0:00:09] C88: Closed Ruy Lopez: Anti-Marshall Systems.} b4 15. d4 bxc3 16. bxc3 Nd7 17. Nc4 exd4 18. cxd4 Nb4 19. Bb1 d5 $1 20. exd5 Nxd5 21. Bd2 {[%emt 0:19:00] [#]} Bb4 $146 ({Predecessor:} 21... N7f6 22. Na5 Bc8 23. Qc2 Bd6 24. Nc4 {½-½ Amann,H (2406)-Maetzig,R (2340) GER-ch50 final email 2020}) 22. Nce5 N7f6 23. Bxb4 Nxb4 24. Qd2 Nbd5 25. h3 Qa3 26. Ba2 Ra8 27. Bc4 h6 28. Rb1 Bc8 29. Qc1 Qf8 30. Ra1 Be6 31. Rxa8 Qxa8 32. Bf1 Ne4 33. Qc6 Qa2 (33... Qxc6 {simplifies} 34. Nxc6 Nec3 35. Nfe5 Kf8) 34. Nd3 Ndc3 35. Qxc7 Qb1 {[%emt 0:00:05] [#] And now ...Ne2+ would win.} 36. Nfe1 {[%emt 0:00:28][%cal Bf3e1,Be1c2,Bc2e3][%mdl 32] Black must now prevent f3.} (36. Nf4 {with more complications.} Ba2 37. Nh5 g6 38. Nf6+) 36... Kh7 37. f3 Nd5 38. Qc2 Qxc2 39. Nxc2 Ng3 40. Ndb4 Nf4 41. Kf2 Nh1+ 42. Ke1 Ng3 43. Ne3 Bd7 44. Bd3+ Kg8 45. Kf2 (45. Kd2 $16) 45... Nh1+ $14 46. Kg1 Ng3 47. Kh2 Nge2 48. d5 Nd4 {[%emt 0:05:07] Against Bf5} 49. Kg3 g5 50. Kf2 Kg7 51. Bf1 Kf6 52. g3 Ng6 ({Less strong is} 52... Nxh3+ 53. Bxh3 Bxh3 54. g4 $16) 53. Nc4 Bb5 $1 54. Nd2 Bxf1 {[%emt 0:00:12] The position is equal.} 55. Kxf1 $11 {[%emt 0:00:00][%mdl 4096] Endgame KNN-KNN} Nf5 56. Kf2 {[%emt 0:00:00] Nc6 would be deadly.} Ke5 $1 57. g4 Nd6 {[%emt 0:00:43] Repels Nc4+} 58. Ke3 Nf4 59. Ne4 Nc4+ 60. Kf2 Nxh3+ 61. Kg3 Nf4 62. Nc6+ Kxd5 63. Ne7+ Ke5 64. Nf5 {[%emt 0:00:03] Dodges Ne3} Nh5+ {[%emt 0:01:21][%mdl 64] [#] Deflection} 65. Kf2 Nf6 66. Nxf6 Kxf6 67. Nxh6 {[%emt 0:00:14] KN-KN} Nd6 68. Ng8+ Ke6 69. Nh6 f6 70. Kg3 Ke5 71. Ng8 Ke6 72. Nxf6 Kxf6 73. f4 gxf4+ 74. Kxf4 Nf7 75. g5+ Nxg5 {[%emt 0:00:04] Weighted Error Value: White=0.07 (flawless) /Black=0.08 (flawless)} 1/2-1/2

[Event "ETCC Open 2023"]
[Site "Budva"]
[Date "2023.11.13"]
[Round "3.7"]
[White "Can, Emre"]
[Black "Petrov, Nikita"]
[Result "1-0"]
[ECO "E04"]
[WhiteElo "2566"]
[BlackElo "2567"]
[Annotator "RC"]
[PlyCount "79"]
[EventDate "2023.11.10"]
[EventType "team-tourn"]
[EventCountry "MNE"]
[SourceTitle "playchess.com"]
[Source "ChessBase"]
[SourceQuality "1"]
[WhiteTeam "Turkey"]
[BlackTeam "Montenegro"]
[WhiteTeamCountry "TUR"]
[BlackTeamCountry "MNE"]
[TimeControl "40/5400+30:1800+30"]

1. d4 Nf6 2. c4 e6 3. Nf3 d5 4. g3 dxc4 5. Bg2 Nc6 6. O-O Rb8 7. Nc3 a6 8. e4 Be7 9. d5 exd5 10. exd5 Nb4 11. Ne5 Bf5 12. Nxc4 O-O 13. a3 Nd3 14. Be3 Re8 15. b4 Bd6 16. Ba7 Rc8 17. Bd4 Ne5 18. Na5 b6 19. Nb7 Qd7 20. Nxd6 Qxd6 21. h3 Nd3 22. Qf3 c5 23. Qxf5 cxd4 24. Qxd3 dxc3 25. Rac1 Qe5 26. Rc2 g6 27. Rfc1 Rcd8 28. Qxc3 Qf5 29. Qc6 Nxd5 30. Bxd5 Qxd5 31. Qxb6 Qf3 32. Rc3 Rd1+ 33. Rxd1 Qxd1+ 34. Kh2 Re1 35. Qb7 Qd4 36. Qf3 Rf1 37. Rc8+ Kg7 38. Kg2 Qa1 39. Rc7 Rg1+ 40. Kh2 1-0

[Event "ETCC Open 2023"]
[Site "Budva"]
[Date "2023.11.13"]
[Round "3.8"]
[White "Draskovic, Luka"]
[Black "Ali Marandi, Cemil Can"]
[Result "1/2-1/2"]
[ECO "C55"]
[WhiteElo "2476"]
[BlackElo "2544"]
[Annotator "RC"]
[PlyCount "68"]
[EventDate "2023.11.10"]
[EventType "team-tourn"]
[EventCountry "MNE"]
[SourceTitle "playchess.com"]
[Source "ChessBase"]
[SourceQuality "1"]
[WhiteTeam "Montenegro"]
[BlackTeam "Turkey"]
[WhiteTeamCountry "MNE"]
[BlackTeamCountry "TUR"]
[TimeControl "40/5400+30:1800+30"]

1. e4 e5 2. Nf3 Nc6 3. Bc4 Nf6 4. d3 Be7 5. O-O O-O 6. Nc3 d6 7. a4 Bg4 8. h3 Bh5 9. Be3 Qc8 10. a5 Kh8 11. a6 Nb4 12. axb7 Qxb7 13. Bb3 a5 14. Bg5 c6 15. Bxf6 Bxf6 16. g4 Bg6 17. Ne2 Bd8 18. Ng3 Na6 19. h4 h6 20. g5 h5 21. d4 f6 22. gxf6 Bxf6 23. Rxa5 Qb6 24. Ra4 exd4 25. Nxd4 Nc5 26. Rxa8 Rxa8 27. Ndf5 Nxb3 28. cxb3 d5 29. exd5 cxd5 30. Qxd5 Ra5 31. Qf3 Qe6 32. b4 Rb5 33. Ra1 Kh7 34. Ra5 Qe1+ 1/2-1/2

[Event "ETCC Open 2023"]
[Site "Budva"]
[Date "2023.11.13"]
[Round "3.9"]
[White "Carlsen, Magnus"]
[Black "Gretarsson, Hjorvar Steinn"]
[Result "1-0"]
[ECO "C77"]
[WhiteElo "2829"]
[BlackElo "2518"]
[Annotator "TA"]
[PlyCount "93"]
[EventDate "2023.11.10"]
[EventType "team-tourn"]
[EventCountry "MNE"]
[SourceTitle "playchess.com"]
[Source "ChessBase"]
[SourceQuality "1"]
[WhiteTeam "Norway"]
[BlackTeam "Iceland"]
[WhiteTeamCountry "NOR"]
[BlackTeamCountry "ISL"]
[TimeControl "40/5400+30:1800+30"]

1. e4 e5 2. Nf3 Nc6 3. Bb5 a6 4. Ba4 Nf6 5. d3 Bc5 6. c3 b5 7. Bb3 d6 8. Bg5 $1 {[%emt 0:00:37][%cal Bc1g5,Bg5h4,Bh4g3][%mdl 4] outshines the older 8.0-0. C77: Ruy Lopez: 3...a6 4 Ba4 Nf6, unusual lines.} h6 9. Bh4 Ba7 10. Nbd2 {[%emt 0:01:22] White has an edge.} g5 11. Bg3 Qe7 12. Nf1 Be6 13. Ne3 {[%emt 0:01:25] [#]} Rb8 $146 ({Predecessor:} 13... Qd7 14. Bc2 Ng4 15. d4 Nxe3 16. fxe3 Bg4 17. Qd3 f6 18. a4 h5 19. axb5 axb5 {1-0 Ocampo Betancur,C (1998)-Moscoso Sanchez,F (2138) Manizales Las Americas op-A 2021 (9)}) 14. O-O Bxe3 15. fxe3 O-O 16. Nd2 Bg4 17. Qe1 Bh5 18. Nf3 Kg7 {[%emt 0:02:28] [#] Black is now going downhill.} ({Black should play} 18... Nd7 $14) 19. Nh4 $1 $16 Bg6 (19... gxh4 $2 20. Bxh4 Kh7 21. Rxf6 $18) 20. Nf5+ Bxf5 21. Rxf5 Nd7 22. Qe2 Qe8 23. Raf1 {[%emt 0:05:06] White has more active pieces.} f6 24. h4 Ne7 25. R5f2 Nc5 26. Bc2 Ng6 27. h5 {[%emt 0:01:20] d4 is the strong threat.} Ne7 28. d4 Nd7 29. Bb3 Rd8 30. a4 f5 (30... Rb8 $16 31. axb5 axb5) 31. dxe5 (31. exf5 e4 32. axb5 axb5 33. Qxb5 Nf6) 31... Nxe5 32. exf5 Kf6 (32... Ng8 {was worth a try.} 33. Bxe5+ dxe5 34. Bxg8 Kxg8) 33. Be6 Qc6 34. axb5 Qxb5 35. Qd1 a5 36. b3 ({Don't take} 36. Qd4 $6 N7c6 37. Bxe5+ Qxe5) 36... Rb8 37. Ra2 ({But not} 37. Qd4 $6 N7c6 38. Qe4 (38. Bxe5+ Qxe5 39. Qc4 Qb5 $16) 38... Qd3 39. Bxe5+ Nxe5) 37... N7c6 38. e4 Qc5+ $2 (38... Qd3 {might work better.} 39. Qxd3 Nxd3) 39. Bf2 $18 Qxc3 40. Rc2 Qb4 41. Bd5 Ne7 (41... Rb6 $142 42. Kh1 Re8 43. Bxb6 Qxb6 44. Bxc6 Nxc6) 42. Rxc7 {[%emt 0:00:00] White is clearly winning.} Rfc8 (42... a4 $142 43. bxa4 Rfc8) 43. Ra7 Rc3 {[%emt 0:08:09] [#]} 44. Bc4 {[%emt 0:00:00][%mdl 512] Dodges Rd3. This pair of bishops is nice.} Rb6 (44... Nxc4 45. Bd4+) 45. Bd4 Rxc4 46. bxc4 {[%emt 0:00:00] Hoping for Bxe5+.} N7c6 47. Rh7 {[%emt 0:00:00] Artfully played by Carlsen.   Weighted Error Value: White=0.10 (very precise) /Black=0.39} 1-0